 Dungeon Crawl Stone Soup version 0.30.1-4-g462c640d31 (webtiles) character file.

Game seed: 3121786820197738682

322 Bobit the Frost Mage (level 6, -2/56 HPs)
             Began as a Gnoll Wanderer on Aug 18, 2023.
             Was an Initiate of Hepliaklqana.
             Killed from afar by an orc wizard (15 damage)
             ... with a puff of flame
             ... on level 4 of the Dungeon.
             The game lasted 00:08:50 (3400 turns).

Bobit the Frost Mage (Gnoll Wanderer)               Turns: 3400, Time: 00:08:50

Health: -2/56      AC:  9    Str: 10      XL:     6   Next: 47%
Magic:  3/11       EV: 10    Int: 14      God:    Hepliaklqana [......]
Gold:   179        SH:  0    Dex: 11 (12) Spells: 2/12 levels left

rFire   x x x        a - melded +0 hand axe
rCold   + + +        (shield currently unavailable)
rNeg    . . .        e - melded +0 robe
rPois   +            (helmet currently unavailable)
rElec   .            (cloak currently unavailable)
rCorr   .            v - melded +0 pair of gloves
SInv    .            u - melded +0 pair of boots
Will    .....        (no amulet)
Stlth   ++           h - ring of ice
HPRegen 0.29/turn    r - ring of ice
MPRegen 0.12/turn

%: no passive effects
@: ice-form
A: freezing attack, amphibious, boosted hp, large, (fangs 1), strong nose,
distributed training
a: End Transformation, Renounce Religion


You were on level 4 of the Dungeon.
You worshipped Hepliaklqana.
Hepliaklqana was noncommittal.
You were a creature of crystalline ice.
You visited 1 branch of the dungeon, and saw 4 of its levels.

You collected 179 gold pieces.

Inventory:

Hand Weapons
 a - a +0 hand axe (melded)
 c - a +0 dagger
Missiles
 b - 16 poisoned darts
Armour
 e - a +0 robe (melded)
 u - a +0 pair of boots (melded)
 v - a +0 pair of gloves (melded)
Jewellery
 h - a ring of ice (left front paw)
 i - a ring of see invisible
 r - a ring of ice (right front paw)
 x - a ring of protection from fire
 z - a ring of fire
Wands
 o - a wand of flame (29)
 y - a wand of light (1)
Scrolls
 f - 4 scrolls of identify {unknown}
 l - a scroll of noise {unknown}
 m - a scroll of fear {unknown}
 n - a scroll of poison {unknown}
 p - a scroll of amnesia {unknown}
 s - a scroll of fog {unknown}
 t - a scroll of teleportation {unknown}
Potions
 d - 4 potions of attraction
 g - a potion of flight {unknown}
 j - a potion of berserk rage
 k - 2 potions of heal wounds {unknown}
 q - a potion of mutation {unknown}
 w - a potion of curing {unknown}


   Skills:
 + Level 3.3 Fighting
 + Level 2.0 Short Blades
 + Level 2.0 Long Blades
 + Level 3.3 Axes
 + Level 2.0 Maces & Flails
 + Level 2.0 Polearms
 + Level 2.0 Staves
 + Level 2.0 Ranged Weapons
 + Level 3.3 Throwing
 + Level 2.0 Armour
 + Level 2.0 Dodging
 + Level 2.0 Stealth
 + Level 2.0 Shields
 + Level 2.0 Unarmed Combat
 + Level 3.5 Spellcasting
 + Level 1.6 Conjurations
 + Level 1.6 Hexes
 + Level 1.6 Summonings
 + Level 1.6 Necromancy
 + Level 1.6 Translocations
 + Level 1.6 Transmutations
 + Level 1.6 Fire Magic
 + Level 8.9 Ice Magic
 + Level 1.6 Air Magic
 + Level 1.6 Earth Magic
 + Level 1.6 Poison Magic
 + Level 3.4 Invocations
 + Level 2.0 Evocations


You had 2 spell levels left.
You knew the following spells:

 Your Spells              Type           Power      Damage    Failure   Level
a - Freeze                Ice            100%       1d10      1%          1
b - Frozen Ramparts       Ice            100%       1d16      1%          3
c - Ice Form              Ice/Tmut       38%        N/A       22%         4
d - Ensorcelled Hibernat  Hex/Ice        76%        N/A       3%          2

Your spell library contained the following spells:

 Spells                   Type           Power      Damage    Failure   Level
 Passwall                 Tmut/Erth      5%         N/A       16%         2
 Call Canine Familiar     Summ           7%         N/A       30%         3
 Portal Projectile        Hex/Tloc       14%        N/A       30%         3
 Swiftness                Air            7%         N/A       30%         3
 Leda's Liquefaction      Hex/Erth       3%         N/A       71%         4


Dungeon Overview and Level Annotations

Branches:
Dungeon (4/15)
 Temple: D:4-7

Altars:
Hepliaklqana
Xom

Shops:
D:2 (


Innate Abilities, Weirdness & Mutations

You are a creature of crystalline ice.
You have a powerful freezing melee attack.
You are amphibious.
Your maximum health is increased.
Your armour is entirely melded.
You are incapable of wielding weapons or throwing items.
((You have very sharp teeth.))
Your uncanny sense of smell can sniff out nearby items.
Your experience applies equally to all skills.


Message History

The orc wizard gestures wildly while chanting.
The orc wizard flickers and vanishes!
Deactivating autopickup; reactivate with Ctrl-A.
The iguana misses you.
Casting: Freeze (safe; 1% risk of failure)
Confirm with . or Enter, or press ? or * to list all spells.
Aiming: Freeze (safe; 1% risk of failure)
Press: ? - help, Shift-Dir - straight line, f - iguana
Aim: an iguana You feel a strong surge of power!
You freeze the iguana.
The iguana is heavily wounded.
The iguana seems to slow down.
You hear some strange, mumbled words.
Something tries to affect you, but you resist.
The iguana misses you.
Casting: Freeze (safe; 1% risk of failure)
Confirm with . or Enter, or press ? or * to list all spells.
Aiming: Freeze (safe; 1% risk of failure)
Press: ? - help, Shift-Dir - straight line, f/p - iguana
Aim: an iguana (heavily wounded, slow)
You feel a strong surge of power!
You freeze the iguana.
The iguana is severely wounded.
The iguana seems to slow down.
Something hits you but does no damage.
Unknown command.
Casting: Freeze (safe; 1% risk of failure)
Confirm with . or Enter, or press ? or * to list all spells.
Aiming: Freeze (safe; 1% risk of failure)
Press: ? - help, Shift-Dir - straight line, f/p - iguana
Aim: an iguana (severely wounded, slow)
You feel a strong surge of power!
You freeze the iguana.
You kill the iguana!
Something hits you.
* * * LOW HITPOINT WARNING * * *
You miss something. Something hits you.
* * * LOW HITPOINT WARNING * * *
You closely miss something.
You hear some strange, mumbled words.
A puff of flame appears from out of thin air!
The puff of flame hits you! The fire burns you terribly!
You die...

###.###......)....).#
####..#...........##.##
#...#...#.#.####).#
#...#.....####..#
#.#...#...........
#..#..#..####..##.#∆
..##............# #
......>...........
...######Y.####... ##
#{)####.... #.:......#
##)###...# #.# .. #.#
#.. ###


There were no monsters in sight!

Vanquished Creatures
  A phantom (D:2)
  An orc priest (D:4)
  A quasit (D:4)
  Terence (D:3)
  2 iguanas
  3 adders
  2 shadow imps (D:4)
  A white imp (D:4)
  An ufetubus (D:4)
  3 worms
  A dart slug (D:3)
  An orc (D:4)
  3 ball pythons
  5 bats
  5 endoplasms
  3 giant cockroaches
  5 goblins
  4 hobgoblins
  2 jackals (D:1)
  6 kobolds
  3 quokkas
  3 frilled lizards (D:1)
57 creatures vanquished.

Notes
Turn   | Place    | Note
-------+----------+-------------------------------------------
     0 | D:1      | Bobit the Gnoll Wanderer began the quest for the Orb.
     0 | D:1      | Bobit set off with the following items: a +0 hand axe, 11
                  | poisoned darts, a +0 dagger, a potion of attraction, a +0
                  | robe; and the following spell memorised: Freeze; and the
                  | following spells available to memorise: Frozen Ramparts,
                  | Ice Form.
     0 | D:1      | Reached XP level 1. HP: 17/17 MP: 4/4
   280 | D:1      | Reached XP level 2. HP: 23/23 MP: 3/5
   640 | D:1      | Found a faded altar of an unknown god.
  1028 | D:2      | Found Loagg's Antique Weapon Emporium.
  1162 | D:2      | Reached XP level 3. HP: 28/28 MP: 7/7
  1236 | D:2      | Noticed a phantom
  1241 | D:2      | Learned a level 3 spell: Frozen Ramparts
  1250 | D:2      | Killed a phantom
  1251 | D:2      | Reached skill level 1 in Short Blades
  1251 | D:2      | Reached skill level 1 in Long Blades
  1251 | D:2      | Reached skill level 1 in Maces & Flails
  1251 | D:2      | Reached skill level 1 in Polearms
  1251 | D:2      | Reached skill level 1 in Staves
  1251 | D:2      | Reached skill level 1 in Ranged Weapons
  1251 | D:2      | Reached skill level 1 in Armour
  1251 | D:2      | Reached skill level 1 in Dodging
  1251 | D:2      | Reached skill level 1 in Stealth
  1251 | D:2      | Reached skill level 1 in Shields
  1251 | D:2      | Reached skill level 1 in Unarmed Combat
  1251 | D:2      | Reached skill level 1 in Conjurations
  1251 | D:2      | Reached skill level 1 in Hexes
  1251 | D:2      | Reached skill level 1 in Summonings
  1251 | D:2      | Reached skill level 1 in Necromancy
  1251 | D:2      | Reached skill level 1 in Translocations
  1251 | D:2      | Reached skill level 1 in Transmutations
  1251 | D:2      | Reached skill level 1 in Fire Magic
  1251 | D:2      | Reached skill level 1 in Air Magic
  1251 | D:2      | Reached skill level 1 in Earth Magic
  1251 | D:2      | Reached skill level 1 in Poison Magic
  1251 | D:2      | Reached skill level 1 in Evocations
  1251 | D:2      | Reached XP level 4. HP: 31/34 MP: 0/8
  1715 | D:3      | Noticed Terence
  1841 | D:3      | Reached XP level 5. HP: 32/40 MP: 3/9
  2159 | D:3      | Killed Terence
  2242 | D:3      | Learned a level 4 spell: Ice Form
  2584 | D:3      | Found a hazy altar of Hepliaklqana.
  2585 | D:3      | Found a shimmering altar of Xom.
  2586 | D:3      | Noticed a spectral ugly thing
  3020 | D:3      | Became a worshipper of Hepliaklqana the Forgotten
  3120 | D:4      | Learned a level 2 spell: Ensorcelled Hibernation
  3192 | D:4      | Reached XP level 6. HP: 47/47 MP: 11/11
  3400 | D:4      | Killed from afar by an orc wizard

Illustrated notes

Levels and vault maps discovered:
D:1:      dpeg_arrival_rooms_with_view, layout_basic,
          shapermc_ecumenical_altar_acropolis
D:2:      layout_basic, serial_shops, nicolae_shop_tiny_waterfront,
          dreamdust_wishing_well
D:3:      layout_loops_ring, regret_index_temple_of_mockery,
          amcnicky_mini_pool_small, uniq_terence
D:4:      layout_loops_ring, serial_shops, nicolae_shop_crystal, serial_demonic,
          serial_demonic_c, serial_demonic_d, serial_demonic_g,
          serial_demonic_b, hex_tiny, nicolae_nh_ransacked_shop, uniq_duvessa

Skill      XL: |  1  2  3  4  5  6 |
---------------+-------------------+-----
Short Blades   | 1 2 |  2.0
Long Blades    | 1 2 |  2.0
Maces & Flails | 1 2 |  2.0
Polearms       | 1 2 |  2.0
Staves         | 1 2 |  2.0
Ranged Weapons | 1 2 |  2.0
Armour         | 1 2 |  2.0
Dodging        | 1 2 |  2.0
Stealth        | 1 2 |  2.0
Shields        | 1 2 |  2.0
Unarmed Combat | 1 2 |  2.0
Spellcasting   | 3 |  3.5
Conjurations   | 1 |  1.6
Hexes          | 1 |  1.6
Summonings     | 1 |  1.6
Necromancy     | 1 |  1.6
Translocations | 1 |  1.6
Transmutations | 1 |  1.6
Fire Magic     | 1 |  1.6
Air Magic      | 1 |  1.6
Earth Magic    | 1 |  1.6
Poison Magic   | 1 |  1.6
Evocations     | 1 2 |  2.0
Invocations    | 3 |  3.4
Fighting       | 3 |  3.3
Axes           | 3 |  3.3
Throwing       | 3 |  3.3
Ice Magic      | |  8.9

Action                     |  1- 3 |  4- 6 || total
---------------------------+-------+-------++-------
  Melee: Hand axe          |    28 |    21 ||    49
         Bite              |     2 |     4 ||     6
         Unarmed           |       |    43 ||    43
  Throw: Dart              |    18 |       ||    18
   Cast: Freeze            |    27 |    39 ||    66
         Frozen Ramparts   |     1 |     1 ||     2
         Ice Form          |       |     5 ||     5
    Use: Potion            |     1 |       ||     1
   Stab: Sleeping          |       |     1 ||     1
 Armour: Robe              |    16 |    10 ||    26
         Skin              |       |    42 ||    42
  Dodge: Dodged            |    42 |    61 ||   103
